 Dungeon Crawl Stone Soup version 0.27.0-1-g7a089689b8 (webtiles) character file.

Game seed: 13618801576351806428

19872 HoaS the Grappler (level 12, -2/112 HPs)
             Began as a Ghoul Gladiator on Aug 12, 2021.
             Slain by a cane toad (4 damage)
             ... while petrified by a basilisk
             ... on level 1 of the Lair of Beasts.
             The game lasted 00:22:26 (11633 turns).

HoaS the Grappler (Ghoul Gladiator)                Turns: 11633, Time: 00:22:26

Health: -2/112     AC: 18    Str: 26    XL:     12   Next: 73%
Magic:  11/11      EV:  2    Int:  3    God:
Gold:   716        SH:  0    Dex: 17    Spells: 11/11 levels left

rFire    . . .     SeeInvis +     - Unarmed
rCold    + . .     Faith    .   (no shield)
rNeg     + + +     Spirit   .   n - +0 plate armour
rPois    ∞         Reflect  .   b - +1 helmet
rElec    .         Harm     .   (no cloak)
rCorr    .         Rampage  .   (no gloves)
Will     .....                  k - +1 pair of boots
Stlth    ..........             v - amulet "Amnaxzef" {Regen+ Dex+4}
HPRegen  0.00/turn              u - +6 ring of strength
MPRegen  0.12/turn              x - ring of see invisible

@: petrified, inhibited regen
A: claws 1, cold resistance 1, negative energy resistance 3, inhibited
regeneration, torment resistance 2
a: no special abilities


You were on level 1 of the Lair of Beasts.
You visited 3 branches of the dungeon, and saw 12 of its levels.
You also visited: Ossuary and Bailey.

You collected 716 gold pieces.

Inventory:

Missiles
 c - 4 throwing nets (quivered)
 e - 84 poisoned darts
 i - 19 boomerangs
 w - 6 silver boomerangs
 C - 10 curare-tipped darts
Armour
 b - a +1 helmet (worn)
 k - a +1 pair of boots (worn)
 n - a +0 plate armour (worn)
Jewellery
 u - a +6 ring of strength (left claw)
 v - the amulet "Amnaxzef" (around neck) {Regen+ Dex+4}
   (You found it on level 6 of the Dungeon)

   [amulet of regeneration]

   Dex:       It affects your dexterity (+4).
   Regen:     It increases your rate of health regeneration.
 x - a ring of see invisible (right claw)
 B - the ring "Pehoyfurgh" {rCorr Dex+6}
   (You found it on level 1 of the Lair of Beasts)

   [ring of dexterity]

   Dex:       It affects your dexterity (+6).
   rCorr:     It protects you from acid and corrosion.
Wands
 h - a wand of flame (27)
 l - a wand of iceblast (16)
 q - a wand of mindburst (7)
 r - a wand of paralysis (10)
 y - a wand of polymorph (4)
 E - a wand of digging (9)
Scrolls
 o - 3 scrolls of teleportation
 p - a scroll of fog
 t - 2 scrolls of immolation
 A - a scroll of blinking
Potions
 a - 3 potions of curing
 d - 3 potions of attraction
 f - a potion of invisibility
 g - a potion of haste
 j - a potion of might
 m - a potion of flight
 s - a potion of cancellation {unknown}
 z - a potion of heal wounds
 D - a potion of resistance {unknown}


   Skills:
 * Level 12.0 Fighting
 - Level 1.7 Throwing
 + Level 7.7 Armour
 + Level 7.7 Dodging
 * Level 14.3 Unarmed Combat


You had 11 spell levels left.
You didn't know any spells.
Your spell library contained the following spells:

 Spells                   Type           Power      Damage    Failure   Level
 Foxfire                  Conj/Fire      0%         2x1d4     100%        1
 Slow                     Hex            0%         N/A       100%        2
 Confusing Touch          Hex            0%         N/A       100%        3
 Conjure Flame            Conj/Fire      0%         6-21      100%        3
 Dazzling Flash           Conj/Hex       0%         N/A       100%        3
 Gell's Gravitas          Tloc           0%         N/A       100%        3
 Ignite Poison            Fire/Tmut/Pois 0%         N/A       100%        3
 Inner Flame              Hex/Fire       0%         N/A       100%        3
 Mephitic Cloud           Conj/Pois/Air  0%         N/A       100%        3
 Teleport Other           Tloc           0%         N/A       100%        3
 Tukima's Dance           Hex            0%         N/A       100%        3
 Passage of Golubria      Tloc           N/A        N/A       100%        4
 Sticky Flame             Conj/Fire      0%         2d3       100%        4
 Agony                    Necr           0%         N/A       100%        5
 Bolt of Magma            Conj/Fire/Erth 0%         4d4       100%        5
 Silence                  Hex/Air        0%         N/A       100%        5
 Yara's Violent Unravell  Hex/Tmut       0%         3d3       100%        5
 Dispersal                Tloc           0%         N/A       100%        6


Dungeon Overview and Level Annotations

Branches:
Dungeon (10/15)            Temple (1/1) D:4            Lair (1/6) D:10
    Orc (0/2) D:9         Ossuary (visited)          Bailey (visited)

Altars:
Ashenzari
Cheibriados
Dithmenos
Elyvilon
Fedhas
Gozag
Hepliaklqana
Kikubaaqudgha
Nemelex Xobeh
Okawaru
Qazlal
Ru
Sif Muna
Trog
Uskayaw
Vehumet
Wu Jian
Xom
Yredelemnul
Zin
The Shining One
Lugonu

Shops:
D:3 :   D:4 *   D:9 *   D:10 ?

Annotations:
D:9 1 runed translucent door, Skimidon's ghost, novice GrFi
D:10 exclusions: ice statue and orange crystal statue


Innate Abilities, Weirdness & Mutations

You thrive by killing the living.
You are immune to poison.
You have sharp fingernails.
Your flesh is cold resistant. (rC+)
You are immune to negative energy. (rN+++)
You do not regenerate when monsters are visible.
You are immune to unholy pain and torment.


Message History

* * * LOW HITPOINT WARNING * * *
The wolf bites you but does no damage.
The cane toad stings you but does no damage.
The wolf bites you.
* * * LOW HITPOINT WARNING * * *
The wolf bites you but does no damage. The basilisk gazes at you.
The wolf bites you but does no damage. The cane toad stings you.
The wolf bites you but does no damage. x2
The basilisk gazes at you. The cane toad barely misses you.
The wolf bites you but does no damage. x2
The wolf bites you but does no damage. x2; The cane toad stings you!
* * * LOW HITPOINT WARNING * * *
The basilisk gazes at you. You resist with some effort. The wolf bites you!
* * * LOW HITPOINT WARNING * * *
The wolf bites you but does no damage. The cane toad stings you.
* * * LOW HITPOINT WARNING * * *
The wolf bites you but does no damage.
The basilisk bites you but does no damage.
The wolf bites you but does no damage. The wolf bites you.
* * * LOW HITPOINT WARNING * * *
The wolf bites you but does no damage.
The cane toad stings you but does no damage.
The basilisk bites you!
* * * LOW HITPOINT WARNING * * *
The wolf bites you but does no damage. The wolf bites you.
* * * LOW HITPOINT WARNING * * *
The cane toad stings you but does no damage.
The wolf bites you.
* * * LOW HITPOINT WARNING * * *
The wolf bites you but does no damage.
The basilisk bites you but does no damage.
The wolf bites you but does no damage.
The cane toad stings you but does no damage.
The wolf bites you but does no damage. x2
The basilisk bites you but does no damage.
The wolf bites you but does no damage. The cane toad stings you!
You die...

####.............###.#...#......#
.......##..#....## #.#......#####
..##...#.###.#..# .. ...
..#.#......#.#..## ..
#............P.#.##
##........#.......##
##.....###.........#
#......##..P.#.....#..#.
#...P.##..###..l@....... #.....#
.. #...Fhh....## ....#.#
##........## .###### ..........#
.##.... ..#...##...>.. .......#
...... #....... ........ ......
....... #P.....# .#.... P...###
........


You could see a cane toad, a basilisk and 2 wolves.

Vanquished Creatures
  A boulder beetle (D:10)
  2 hydras
  2 two-headed ogres
  A deep elf pyromancer (D:9)
  3 cane toads (Lair:1)
  A gargoyle (D:10)
  Psyche (D:9)
  A rime drake (Lair:1)
  A polar bear (Lair:1)
  4 blink frogs (Lair:1)
  2 wyverns
  A wraith (D:9)
  A shadow (D:9)
  44 yaks
  A steam dragon (D:6)
  6 water moccasins
  3 acid dragons (D:10)
  3 orc warriors
  4 sky beasts
  A hornet zombie (D:8)
  A swamp drake (D:9)
  An ice beast (D:7)
  2 necrophages
  4 ogres
  6 black bears
  2 wolves (Lair:1)
  2 centaurs
  2 kobold brigands (D:8)
  4 bullfrogs
  A scorpion (D:5)
  15 killer bees
  11 wights
  5 howler monkeys
  A centaur zombie (D:9)
  A bullfrog skeleton (D:6)
  A jelly (D:6)
  4 orc priests
  4 hounds
  A gnoll shaman (D:6)
  A centaur skeleton (D:7)
  Jessica (D:2)
  7 orc wizards
  3 iguanas
  A statue (D:5)
  3 hound skeletons
  14 mummies (Ossuary)
  5 howler monkey zombies
  22 gnolls
  2 howler monkey skeletons
  9 adders
  2 shadow imps
  An ufetubus (D:6)
  3 worms
  8 dart slugs (D:5)
  23 orcs
  6 endoplasms
  2 giant cockroaches
  9 goblins
  3 hobgoblins
  6 jackals
  3 quokkas
  5 ball pythons
  8 bats
  14 frilled lizards
  A gnoll skeleton (Ossuary)
  3 goblin skeletons (Ossuary)
  18 kobolds
  3 kobold skeletons (Ossuary)
  An orc skeleton (Ossuary)
  2 rats
  11 rat skeletons (Ossuary)
351 creatures vanquished.

Vanquished Creatures (others)
  A fungus (Lair:1)
1 creature vanquished.

Grand Total: 352 creatures vanquished

Notes
Turn   | Place    | Note
-------+----------+-------------------------------------------
     0 | D:1      | HoaS the Ghoul Gladiator began the quest for the Orb.
     0 | D:1      | Reached XP level 1. HP: 17/17 MP: 0/0
   155 | D:1      | Reached XP level 2. HP: 17/24 MP: 1/1
   172 | D:1      | Reached skill level 4 in Unarmed Combat
   210 | D:1      | Found a faded altar of an unknown god.
   825 | D:2      | Reached XP level 3. HP: 29/29 MP: 2/2
   955 | D:2      | Reached skill level 5 in Unarmed Combat
  1018 | D:2      | Noticed Jessica
  1021 | D:2      | Killed Jessica
  1022 | D:2      | Reached XP level 4. HP: 36/36 MP: 3/3
  1375 | D:2      | Reached skill level 6 in Unarmed Combat
  1375 | D:2      | Reached XP level 5. HP: 41/41 MP: 4/4
  1932 | D:3      | Found Uqarexokh's Book Emporium.
  2328 | D:4      | Found a shimmering blue altar of Sif Muna.
  2458 | D:4      | Found Diomm's Mayhem Merchandise.
  2473 | D:4      | Reached skill level 7 in Unarmed Combat
  2524 | D:4      | Found a sand-covered staircase.
  2533 | Ossuary  | Entered an ossuary
  2554 | Ossuary  | Reached XP level 6. HP: 37/48 MP: 3/5
  3229 | Ossuary  | Reached skill level 8 in Unarmed Combat
  3784 | D:4      | Found a staircase to the Ecumenical Temple.
  3803 | Temple   | Entered the Ecumenical Temple
  3966 | D:4      | Noticed a sky beast
  3980 | D:4      | Killed a sky beast
  3981 | D:4      | Reached XP level 7. HP: 45/55 MP: 6/6
  4083 | D:5      | Entered Level 5 of the Dungeon
  4126 | D:5      | Reached skill level 9 in Unarmed Combat
  4182 | D:5      | Reached skill level 1 in Armour
  4369 | D:5      | Found a broken altar of Ashenzari.
  4480 | D:5      | Found a radiant altar of Vehumet.
  4568 | D:5      | Reached XP level 8. HP: 62/62 MP: 7/7
  4621 | D:5      | Found a hazy altar of Hepliaklqana.
  5029 | D:5      | Found an ornate altar of the Wu Jian Council.
  5347 | D:6      | Found a bloodstained altar of Trog.
  5621 | D:6      | Found a sacrificial altar of Ru.
  5624 | D:6      | Found a shimmering altar of Xom.
  5786 | D:6      | Reached skill level 5 in Fighting
  5786 | D:6      | Reached skill level 10 in Unarmed Combat
  5786 | D:6      | Reached XP level 9. HP: 67/74 MP: 6/8
  5826 | D:6      | Found an ancient bone altar of Kikubaaqudgha.
  6052 | D:6      | Identified the amulet "Amnaxzef" {Regen+ Dex+4}
  6264 | D:6      | Reached skill level 11 in Unarmed Combat
  6616 | D:6      | Reached skill level 5 in Dodging
  6616 | D:6      | Reached XP level 10. HP: 84/86 MP: 7/9
  6638 | D:6      | Reached skill level 5 in Armour
  6930 | D:7      | Found a flagged portal.
  6936 | Bailey   | Entered a bailey
  7446 | D:7      | Identified the +7 hand axe of Indomitability {venom, rF++
                  | Int+2}
  7801 | D:8      | Found a shadowy altar of Dithmenos.
  8129 | D:8      | Reached skill level 12 in Unarmed Combat
  8734 | D:9      | Reached XP level 11. HP: 97/97 MP: 10/10
  8810 | D:9      | Noticed a deep elf pyromancer
  8814 | D:9      | Killed a deep elf pyromancer
  8936 | D:9      | Found Cyog's General Store.
  8948 | D:9      | Found a runed translucent door.
  8949 | D:9      | Noticed Skimidon's ghost (novice GrFi)
  8976 | D:9      | Noticed a two-headed ogre
  9010 | D:9      | Killed a two-headed ogre
  9265 | D:9      | Noticed Psyche
  9275 | D:9      | Killed Psyche
  9276 | D:9      | Reached skill level 10 in Fighting
  9391 | D:9      | Found a staircase to the Orcish Mines.
  9951 | D:10     | Entered Level 10 of the Dungeon
 10015 | D:10     | Noticed an orange crystal statue
 10087 | D:10     | Reached skill level 13 in Unarmed Combat
 10124 | D:10     | Found Orirghoi's Magic Scroll Boutique.
 10196 | D:10     | Noticed a four-headed hydra
 10203 | D:10     | Killed a four-headed hydra
 10218 | D:10     | Noticed a boulder beetle
 10257 | D:10     | Killed a boulder beetle
 10413 | D:10     | Noticed a two-headed ogre
 10423 | D:10     | Killed a two-headed ogre
 10497 | D:10     | Found a sparkling altar of Nemelex Xobeh.
 10644 | D:10     | Reached XP level 12. HP: 108/108 MP: 11/11
 10724 | D:10     | Found a staircase to the Lair.
 10836 | D:10     | Noticed a two-headed ogre
 10836 | D:10     | Noticed a two-headed ogre
 11011 | Lair:1   | Entered Level 1 of the Lair of Beasts
 11220 | Lair:1   | Reached skill level 14 in Unarmed Combat
 11431 | Lair:1   | Identified the ring "Pehoyfurgh" {rCorr Dex+6}
 11481 | Lair:1   | Noticed an eight-headed hydra
 11499 | Lair:1   | Killed an eight-headed hydra
 11631 | Lair:1   | HP: 4/112 [basilisk (3)]
 11633 | Lair:1   | Slain by a cane toad

Illustrated notes

Levels and vault maps discovered:
D:1:      roderic_octagonal_star, layout_loops_ring,
          shapermc_ecumenical_altar_flowoftime, minmay_misc_feat_square,
          minmay_tetromino_l4
D:2:      cheibrodos_helix_gallery, layout_rooms, minmay_lizard_pond,
          uniq_jessica
D:3:      layout_basic, serial_shops, shop
D:4:      layout_basic, nicolae_tso_carved_into_rock,
          mainiacjoe_overflow_small_starburst,
          minmay_temple_entry_statues_pillars,
          lightli_ossuary_entry_decrepit_ruins, minmay_shop_mayhem
D:5:      kennysheep_slugbush, layout_basic, vehumet_statue,
          nicolae_hepliaklqana_hippocampus, nicolae_ashenzari_skybound,
          mainiacjoe_overflow_catwalk
D:6:      layout_loops_ring, trog_ov_bears_minmay,
          nicolae_overflow_hidden_temple, grunt_ministairs_6,
          minmay_tree_intersection, grunt_potential
D:7:      layout_gridville, serial_glass, glass_columns_a, glass_columns_a,
          enter_bailey_2
D:8:      minmay_evil_eye, layout_basic, grunt_dithmenos_smoke_and_mirrors,
          roderic_serpentine_path, minmay_door_square
D:9:      layout_long_grid, erik_orc_1, ebering_ghost_reflecting_pool,
          serial_shops, shop, guppyfry_early_elven_hall, uniq_psyche
D:10:     layout_gridville, nemelex_spade_bored_becter, lair_entry_dummy,
          serial_shops, nicolae_shop_temple_entry_statues_fountains,
          minivault_20, david_greed
Temple:   kb_corrupted_temple
Lair:1:   layout_misc_corridors

Skill      XL: |  1  2  3  4  5  6  7  8  9 10 11 12 |
---------------+-------------------------------------+-----
Unarmed Combat | 4 5 6 7 8 9 10 11 12 13 14 | 14.3
Dodging        | 3 5 6 7 |  7.7
Armour         | 3 4 5 7 |  7.7
Fighting       | 5 7 9 10 12 | 12.0
Throwing       | |  1.7

Action                   |  1- 3 |  4- 6 |  7- 9 | 10-12 || total
-------------------------+-------+-------+-------+-------++-------
Melee: Unarmed           |   110 |   209 |   282 |   700 ||  1301
       Punch             |     2 |     8 |     8 |    49 ||    67
Throw: Throwing net      |       |       |     1 |       ||     1
       Boomerang         |       |       |       |     5 ||     5
  Use: Scroll            |       |    12 |     2 |    13 ||    27
       Potion            |       |       |     2 |     2 ||     4
Armor: Leather armour    |    26 |    21 |       |       ||    47
       Ring mail         |       |    45 |     1 |       ||    46
       Plate armour      |       |       |   173 |   358 ||   531
Dodge: Dodged            |    79 |    82 |    88 |   265 ||   514
